 Dungeon Crawl Stone Soup version 0.29.1-1-gd02db6906a (webtiles) character file.

Game seed: 12642530412345588904

663 warriortoast the Conjurer (level 7, -11/36 HPs)
             Began as a Deep Elf Conjurer on Oct 18, 2022.
             Mangled by an iguana (12 damage)
             ... on level 4 of the Dungeon.
             The game lasted 00:12:22 (6217 turns).

warriortoast the Conjurer (Deep Elf Conjurer)       Turns: 6217, Time: 00:12:23

Health: -11/36     AC:  6    Str:  4    XL:     7   Next: 31%
Magic:  18/18      EV: 12    Int: 25    God:
Gold:   175        SH:  0    Dex: 13    Spells: 4/19 levels left

rFire   . . .      SeeInvis .   d - +0 short sword
rCold   + . .      Faith    .   (no shield)
rNeg    . . .      Spirit   .   a - +0 robe
rPois   .          Reflect  .   (no helmet)
rElec   .          Harm     .   (no cloak)
rCorr   .          Rampage  .   (no gloves)
Will    .....                   (no boots)
Stlth   ++........              (no amulet)
HPRegen 0.12/turn               i - ring of protection from cold
MPRegen 0.16/turn               l - +4 ring of protection

@: no status effects
A: no striking features
a: no special abilities


You were on level 4 of the Dungeon.
You visited 1 branch of the dungeon, and saw 5 of its levels.

You collected 175 gold pieces.

Inventory:

Hand Weapons
 c - a +0 club
 d - a +0 short sword (weapon)
Armour
 a - a +0 robe (worn)
Jewellery
 f - a ring of ice
 g - a ring of positive energy
 i - a ring of protection from cold (left hand)
 l - a +4 ring of protection (right hand)
Wands
 t - a wand of charming (9)
 v - a wand of iceblast (11)
Scrolls
 j - a scroll of identify {unknown}
 k - a scroll of enchant armour {unknown}
 m - 2 scrolls of torment {unknown}
 o - 3 scrolls of silence {unknown}
 s - 2 scrolls of enchant weapon {unknown}
 u - a scroll of fear {unknown}
Potions
 b - 2 potions of magic
 e - 2 potions of invisibility {unknown}
 h - a potion of haste {unknown}
 n - a potion of flight {unknown}
 p - 4 potions of heal wounds {unknown}
 q - 3 potions of curing {unknown}
 r - a potion of degeneration {unknown}


   Skills:
 - Level 2.4 Dodging
 - Level 2.4 Stealth
 + Level 6.5 Spellcasting
 + Level 6.6 Conjurations
 + Level 4.8 Hexes
 + Level 2.6 Air Magic


You had 4 spell levels left.
You knew the following spells:

 Your Spells              Type           Power      Damage    Failure   Level
a - Magic Dart            Conj           100%       1d8       1%          1
b - Dazzling Flash        Conj/Hex       72%        N/A       1%          3
c - Swiftness             Air            21%        N/A       7%          3
d - Fulminant Prism       Conj/Hex       18%        3d11      7%          4
e - Iskenderun's Mystic   Conj/Tloc      24%        2d7       19%         4

Your spell library contained the following spells:

 Spells                   Type           Power      Damage    Failure   Level
 Searing Ray              Conj           82%        2d7       1%          2
 Ensorcelled Hibernation  Hex/Ice        40%        N/A       4%          2
 Passwall                 Tmut/Erth      6%         N/A       11%         2
 Frozen Ramparts          Ice            16%        1d3       22%         3
 Ice Form                 Ice/Tmut       8%         N/A       56%         4
 Summon Ice Beast         Ice/Summ       8%         N/A       56%         4


Dungeon Overview and Level Annotations

Branches:
Dungeon (5/15)
 Temple: D:4-7

Altars:
Dithmenos
Makhleb
Xom

Annotations:
D:4 2 runed translucent doors, gzilladon's ghost, amateur GnFi


Message History

You feel sick.
You are no longer poisoned.
The adder barely misses you.
You climb downwards.
The orc wizard shouts!
You hear a shout!
The orc wizard casts a spell at you.
You are confused.
The orc wizard hits you but does no damage.
The orc shouts!
There is a stone staircase leading up here.
You hear a shout!
The adder bites you but does no damage.
The orc wizard hits you but does no damage.
The adder bites you but does no damage.
In your confused state, you trip and fall back down the stairs.
The adder bites you.
The orc wizard casts a spell.
The orc wizard flickers and vanishes!
Deactivating autopickup; reactivate with Ctrl-A.
The adder bites you. The orc hits you with a +0 whip.
* * * LOW HITPOINT WARNING * * *
Something hits you but does no damage.
You climb upwards.
Level annotation: 2 runed translucent doors, gzilladon's ghost, amateur GnFi Reactivating autopickup.
The iguana bites you but does no damage.
The iguana misses you.
There is a stone staircase leading down here.
You bump into the rock wall.
You feel less confused. The adder bites you but does no damage.
Something hits you but does no damage.
Deactivating autopickup; reactivate with Ctrl-A.
The iguana bites you!
* * * LOW HITPOINT WARNING * * *
The orc hits you but does no damage. The adder bites you but does no damage.
The adder bites you but does no damage. The iguana closely misses you.
The orc completely misses you. Something hits you but does no damage.
The adder completely misses you. The orc closely misses you.
The iguana bites you!
You die...

#######.#####.#
#.......# #.#
###.######## #.#
...........# #.#
...........# #.#
...........# #.#
...........# #.#
...........####{##
...............S@#
...........####ol#
########...#
#..#######
~~~~F~r#...#
#........#
~~)~~~r+...#
##)#####.#
~~~~~~W#...# #.#
#.#
################)#
#.#
..............[[.#
#.#
################.#
#.#


You could see an iguana, an adder and an orc.

Vanquished Creatures
  Grinder (D:3)
  An ogre (D:3)
  A phantom (D:4)
  2 hounds
  Jessica (D:2)
  An iguana (D:4)
  An orc wizard (D:3)
  Robin (D:3)
  6 adders
  3 worms
  2 dart slugs (D:1)
  12 orcs
  5 ball pythons
  5 endoplasms
  A giant cockroach (D:2)
  11 goblins
  9 hobgoblins
  7 jackals
  2 quokkas
  2 bats
  A frilled lizard (D:2)
  6 kobolds
  7 rats
88 creatures vanquished.

Notes
Turn   | Place    | Note
-------+----------+-------------------------------------------
     0 | D:1      | warriortoast the Deep Elf Conjurer began the quest for the
                  | Orb.
     0 | D:1      | Reached XP level 1. HP: 10/10 MP: 6/6
   389 | D:1      | Reached XP level 2. HP: 15/15 MP: 4/8
   506 | D:1      | Noticed a floating eye
   507 | D:1      | Found a faded altar of an unknown god.
  1161 | D:1      | Noticed a golden eye
  1164 | D:1      | Noticed a golden eye
  1164 | D:1      | Noticed a shining eye
  1326 | D:2      | Reached skill level 5 in Conjurations
  1326 | D:2      | Reached XP level 3. HP: 19/19 MP: 5/10
  1330 | D:2      | Learned a level 3 spell: Dazzling Flash
  1441 | D:2      | Learned a level 3 spell: Swiftness
  1675 | D:2      | Reached skill level 1 in Hexes
  1775 | D:2      | Noticed Jessica
  1781 | D:2      | Killed Jessica
  1782 | D:2      | Reached XP level 4. HP: 16/24 MP: 5/12
  2510 | D:3      | Noticed Robin
  2558 | D:3      | Killed Robin
  2559 | D:3      | Reached skill level 5 in Spellcasting
  2564 | D:2      | Reached XP level 5. HP: 20/28 MP: 1/14
  3171 | D:3      | Noticed an ogre
  3375 | D:3      | Found a shimmering altar of Xom.
  3568 | D:3      | Noticed Grinder
  3914 | D:4      | Noticed a phantom
  4857 | D:4      | Found a runed translucent door.
  4879 | D:4      | Killed a phantom
  4880 | D:4      | Reached skill level 1 in Air Magic
  4880 | D:4      | Reached XP level 6. HP: 20/32 MP: 7/16
  5179 | D:4      | Found a burning altar of Makhleb.
  5375 | D:4      | Found a runed translucent door.
  5376 | D:4      | Noticed gzilladon's ghost (amateur GnFi)
  5607 | D:3      | Killed Grinder
  5608 | D:3      | Reached XP level 7. HP: 36/36 MP: 8/18
  5695 | D:5      | Entered Level 5 of the Dungeon
  5703 | D:4      | Learned a level 4 spell: Fulminant Prism
  5708 | D:4      | Learned a level 4 spell: Iskenderun's Mystic Blast
  5794 | D:5      | Found a shadowy altar of Dithmenos.
  6215 | D:4      | HP: 1/36 [iguana (10)]
  6217 | D:4      | Mangled by an iguana

Illustrated notes

Levels and vault maps discovered:
D:1:      lightli_arrival_boilingwater, layout_rooms,
          hellmonk_ecumenical_altar_watching_god, minivault_27
D:2:      layout_basic, uniq_jessica
D:3:      layout_basic, mainiacjoe_overflow_alcove_1, small_statue_intersection,
          uniq_grinder, uniq_robin
D:4:      layout_basic, mainiacjoe_overflow_24_doors, ebering_ghost_sewer_f
D:5:      layout_rooms, lemuel_crystal_altar, mainiacjoe_overflow_swirl

Skill      XL: |  1  2  3  4  5  6 |
---------------+-------------------+-----
Spellcasting   | 4 5 6 |  6.5
Conjurations   | 5 6 |  6.6
Hexes          | 1 2 3 4 |  4.8
Air Magic      | 1 2 |  2.6
Dodging        | |  2.4
Stealth        | |  2.4

Action                   |  1- 3 |  4- 6 |  7- 9 || total
-------------------------+-------+-------+-------++-------
Melee: Club              |     5 |       |       ||     5
       Short sword       |       |    10 |       ||    10
 Cast: Magic Dart        |    61 |   163 |    25 ||   249
Armor: Robe              |     9 |    24 |    24 ||    57
Dodge: Dodged            |    48 |    37 |    43 ||   128
